 Dungeon Crawl Stone Soup version 0.19-a0-1782-g81ad427 (webtiles) character file.

57561 Bzzzz the Imperceptible (level 14, -8/73 HPs)
             Began as a Spriggan Assassin on Oct 3, 2016.
             Was the Champion of Okawaru.
             Mangled by a fire dragon (10 damage)
             ... on level 6 of the Lair of Beasts.
             The game lasted 01:45:06 (36724 turns).

Bzzzz the Imperceptible (Spriggan Assassin)        Turns: 36724, Time: 01:45:06

Health: -8/73      AC:  9    Str:  7    XL:     14   Next: 46%
Magic:  22/26      EV: 44    Int: 13    God:    Okawaru [******]
Gold:   1259       SH:  5    Dex: 27    Spells: 3 memorised, 24 levels left

rFire  + . .     SeeInvis +     c - +6 quick blade
rCold  + + +     Gourm    .     f - +2 robe {rC+ rF+}
rNeg   . . .     Faith    .     (shield restricted)
rPois  .         Spirit   .     F - +2 hat
rElec  .         Dismiss  .     d - +2 cloak
rCorr  .         Reflect  +     (gloves unavailable)
MR     ++...     Harm     .     (boots unavailable)
Stlth  ++++++++++               o - +5 amulet of reflection
                                t - ring of stealth
                                U - +5 ring of evasion

@: agile, finesse, very slightly contaminated, hasted, very quick
A: unfitting armour, see invisible, cold resistance 2, herbivore 3, speed 3,
slow metabolism 2
a: Heroism, Finesse, Renounce Religion


You were on level 6 of the Lair of Beasts.
You worshipped Okawaru.
Okawaru was exalted by your worship.
You were not hungry.

You visited 3 branches of the dungeon, and saw 17 of its levels.

You collected 1259 gold pieces.

Inventory:

Hand Weapons
 b - a +2 blowgun
 c - a +6 quick blade (weapon)
 n - a +3 dagger of venom
Missiles
 R - a poisoned needle
 Y - a needle of confusion
Armour
 d - a +2 cloak (worn)
 f - a +2 robe of resistance (worn)
 r - the +0 robe of Hedonism {rPois rC+ rN++ Slay-4}
   (You found it on level 5 of the Dungeon)

   It affects your accuracy and damage with ranged weapons and melee attacks
   (-4).
   It protects you from cold.
   It protects you from poison.
   It greatly protects you from negative energy.
 F - a +2 hat (worn)
 S - the +1 robe of the Leaf {Int-3 Dex+5}
   (You found it on level 2 of the Lair of Beasts)

   It affects your intelligence (-3).
   It affects your dexterity (+5).
Jewellery
 k - an uncursed ring of ice
 o - a +5 amulet of reflection (around neck)
 t - a ring of stealth (right hand)
 y - an uncursed ring of protection from magic
 A - an uncursed ring of wizardry
 E - an uncursed ring of resist corrosion
 U - a +5 ring of evasion (left hand)
 X - an uncursed ring of ice
Wands
 h - a wand of paralysis (1/24)
 p - a wand of confusion (27/48)
 q - a wand of hasting (2/9)
 u - a wand of paralysis (4/24)
 I - a wand of disintegration (12/24)
 K - a wand of slowing (31/48)
 L - a wand of lightning (4/15)
 M - a wand of acid (3/15)
 Z - a wand of flame (29/48)
Scrolls
 a - a scroll of magic mapping
 i - 5 scrolls of remove curse
 l - 3 scrolls of amnesia
 m - a scroll of fear
 x - 2 scrolls of enchant armour
 z - 2 scrolls of blinking
 B - a scroll of teleportation
 V - a scroll of identify
Potions
 s - a potion of magic
 G - 2 potions of flight
 W - 2 potions of brilliance
Books
 e - a book of Air

   Spells                             Type                      Level
   a - Shock                          Conjuration/Air              1
   b - Swiftness                      Charms/Air                   2
   c - Repel Missiles                 Charms/Air                   2
   d - Static Discharge               Conjuration/Air              3
   e - Lightning Bolt                 Conjuration/Air              5
 j - a book of Necromancy

   Spells                             Type                      Level
   a - Pain                           Necromancy                   1
   b - Animate Skeleton               Necromancy                   1
   c - Vampiric Draining              Necromancy                   3
   d - Regeneration                   Charms/Necromancy            3
   e - Animate Dead                   Necromancy                   4
   f - Control Undead                 Necromancy                   4
 D - a book of Changes

   Spells                             Type                      Level
   a - Beastly Appendage              Transmutation                1
   b - Sticks to Snakes               Transmutation                2
   c - Spider Form                    Transmutation/Poison         3
   d - Ice Form                       Ice/Transmutation            4
   e - Blade Hands                    Transmutation                5
 H - a book of Party Tricks

   Spells                             Type                      Level
   a - Summon Butterflies             Summoning                    1
   b - Apportation                    Translocation                1
   c - Lesser Beckoning               Translocation                3
   d - Tukima's Dance                 Hexes                        3
   e - Alistair's Intoxication        Transmutation/Poison         5
   f - Invisibility                   Hexes                        6
 J - a book of Geomancy

   Spells                             Type                      Level
   a - Sandblast                      Earth                        1
   b - Passwall                       Transmutation/Earth          2
   c - Stone Arrow                    Conjuration/Earth            3
   d - Petrify                        Transmutation/Earth          4
   e - Lee's Rapid Deconstruction     Earth                        5
 N - a book of the Tempests

   Spells                             Type                      Level
   a - Static Discharge               Conjuration/Air              3
   b - Lightning Bolt                 Conjuration/Air              5
   c - Fireball                       Conjuration/Fire             5
   d - Tornado                        Air                          9
   e - Shatter                        Earth                        9
 O - a book of Flames

   Spells                             Type                      Level
   a - Flame Tongue                   Conjuration/Fire             1
   b - Throw Flame                    Conjuration/Fire             2
   c - Conjure Flame                  Conjuration/Fire             3
   d - Inner Flame                    Hexes/Fire                   3
   e - Sticky Flame                   Conjuration/Fire             4
   f - Fireball                       Conjuration/Fire             5
Miscellaneous
 w - a lamp of fire
Comestibles
 g - 8 bread rations
 C - 2 fruits


   Skills:
 + Level 8.2 Fighting
 + Level 11.3 Short Blades
 + Level 10.3 Throwing
 + Level 13.7 Dodging
 * Level 21.7 Stealth
 + Level 7.8 Spellcasting


You had 24 spell levels left.
You knew the following spells:

 Your Spells              Type           Power        Failure   Level  Hunger
a - Shock                 Conj/Air       #...         17%         1    None
b - Apportation           Tloc           #.........   17%         1    None
c - Passwall              Tmut/Erth      #.........   24%         2    None


Dungeon Overview and Level Annotations

Branches:
Dungeon (10/15)            Temple (1/1) D:5            Lair (6/6) D:8
  Swamp (0/4) Lair:2       Spider (0/4) Lair:4        Slime (0/5) Lair:5
    Orc (0/2) D:10

Altars:
Ashenzari
Cheibriados
Dithmenos
Elyvilon
Fedhas
Gozag
Hepliaklqana
Kikubaaqudgha
Makhleb
Nemelex Xobeh
Okawaru
Qazlal
Ru
Sif Muna
Trog
Uskayaw
Vehumet
Xom
Yredelemnul
Zin
The Shining One
Jiyva

Shops:
D:4 (   D:8 *?[}(   D:9 }


Innate Abilities, Weirdness & Mutations

You are very small and have problems with some larger weapons.
You are too small for most types of armour.
You have supernaturally acute eyesight. (SInv)
You are a herbivore.
You cover ground extremely quickly.
You need consume almost no food.
Your flesh is very cold resistant. (rC++)


Message History

The fire dragon is almost dead.
You hit the fire dragon but do no damage.
The fire dragon is almost dead.
You hit the fire dragon.
The fire dragon is almost dead.
The fire dragon bites you!
* * * LOW HITPOINT WARNING * * *
The fire dragon completely misses you. The fire dragon barely misses you.
You hit the fire dragon but do no damage.
The fire dragon is almost dead.
You hit the fire dragon but do no damage.
The fire dragon is almost dead.
You barely miss the fire dragon.
The fire dragon is almost dead.
You hit the fire dragon but do no damage.
The fire dragon is almost dead.
You hit the fire dragon.
The fire dragon is almost dead.
The fire dragon bites you!
You die...

########### ###
#.##.P.##.#
..######.......##
...##.....###...##
#..#....### ##...###
##....### ###@⌠.#
#.(.### ##..D## #
...#.# ##...#'#** ###
..#### #..####($** #..
..#### ##..# *,$.$#*
####.. ...#.# ###..##
*,,$$$# #..... #...##
#....###**,$$(# ###....
.#...###
##..##.##**,$##
##...... #.#....#
##.....##**#####.#.#...


You could see a fire dragon.

Vanquished Creatures
  2 hydras
  Urug (Lair:4)
  6 death yaks
  Nergalle (D:10)
  2 lindwurms (Lair:6)
  Pikel (D:7)
  The ghost of Bzzzz the Covert, a novice SpAs (D:7)
  An ugly thing (D:9)
  21 elephants
  2 black mambas (Lair:5)
  9 torpor snails
  12 spiny frogs
  A gargoyle (D:10)
  6 komodo dragons
  3 rime drakes
  5 jumping spiders (Lair:4)
  3 tyrant leeches (Lair:6)
  8 polar bears
  11 hippogriffs
  8 hornets
  7 raiju (Lair:6)
  A two-headed ogre (D:9)
  16 blink frogs
  6 dream sheep (Lair:5)
  3 redbacks (Lair:4)
  4 wyverns
  Eustachio (D:5)
  3 basilisks
  32 yaks
  Grum (D:10)
  A hungry ghost (D:8)
  3 steam dragons
  8 wargs
  4 insubstantial wisps (Lair:2)
  3 hell hounds (Lair:6)
  11 water moccasins
  7 porcupines
  4 sky beasts
  A slave (D:7)
  An ice beast (D:10)
  3 orc warriors
  15 black bears
  A necrophage (D:6)
  2 phantoms
  3 ogres
  18 wolves
  4 centaurs
  22 crocodiles
  11 bullfrogs
  A wyvern zombie (D:7)
  6 scorpions
  6 killer bees (D:9)
  5 wights (D:8)
  2 howler monkeys (D:10)
  An electric eel (Lair:6)
  3 crimson imps
  A quasit (D:6)
  A bullfrog skeleton (D:4)
  19 hounds
  4 jellies
  2 centaur skeletons (D:4)
  6 orc priests
  A gnoll shaman (D:5)
  10 orc wizards
  10 iguanas
  3 worker ants
  3 hound skeletons
  2 hound zombies
  A worker ant zombie (D:8)
  12 adders
  4 gnolls (D:5)
  50 river rats
  2 shadow imps
  2 adder zombies
  An adder skeleton (D:8)
  3 worms
  A dart slug (D:2)
  8 leopard geckos
  27 orcs
  8 giant cockroaches
  12 goblins
  5 hobgoblins
  6 jackals
  4 kobolds
  5 quokkas
  2 ball pythons
  A ball python skeleton (D:5)
  5 bats
  6 frilled lizards
  10 rats
561 creatures vanquished.

Vanquished Creatures (others)
  A slave (D:7)
  A bullfrog (D:7)
  3 gnolls (D:7)
  A leopard gecko (D:7)
  An orc (D:7)
  A bush (Lair:1)
  23 fungi
  52 plants
83 creatures vanquished.

Grand Total: 644 creatures vanquished

Notes
Turn   | Place    | Note
-------+----------+-------------------------------------------
     0 | D:1      | Bzzzz the Spriggan Assassin began the quest for the Orb.
     0 | D:1      | Reached XP level 1. HP: 10/10 MP: 2/2
     8 | D:1      | Reached skill level 6 in Stealth
   253 | D:1      | Reached XP level 2. HP: 14/14 MP: 3/3
   656 | D:1      | You fall through a shaft!
   660 | D:2      | Reached skill level 7 in Stealth
   871 | D:2      | Found a shimmering altar of Xom.
   872 | D:2      | Found a shimmering altar of Xom.
   920 | D:2      | Found a shimmering altar of Xom.
   963 | D:2      | Reached XP level 3. HP: 18/18 MP: 4/4
  1074 | D:2      | Reached skill level 8 in Stealth
  1927 | D:2      | You fall through a shaft!
  1927 | D:3      | Found a basalt altar of Yredelemnul.
  2202 | D:2      | Reached XP level 4. HP: 22/22 MP: 5/5
  2798 | D:3      | Reached skill level 9 in Stealth
  2919 | D:3      | Reached XP level 5. HP: 19/25 MP: 6/6
  3142 | D:3      | Reached skill level 10 in Stealth
  3148 | D:3      | Found a shadowy altar of Dithmenos.
  3315 | D:3      | Found a bloodstained altar of Trog.
  3930 | D:4      | Noticed a centaur
  3937 | D:4      | Killed a centaur
  3937 | D:4      | Reached skill level 11 in Stealth
  3937 | D:4      | Reached XP level 6. HP: 29/30 MP: 7/7
  4032 | D:4      | Found Demuing's Antique Weapon Boutique.
  4177 | D:4      | HP: 1/30 [ogre/giant club (29)]
  4617 | D:4      | Reached skill level 12 in Stealth
  5067 | D:4      | Reached XP level 7. HP: 34/34 MP: 8/8
  5264 | D:5      | Entered Level 5 of the Dungeon
  5278 | D:5      | Noticed Eustachio
  5300 | D:5      | Found a staircase to the Ecumenical Temple.
  5300 | D:5      | Killed Eustachio
  5389 | Temple   | Entered the Ecumenical Temple
  5513 | Temple   | Became a worshipper of Warmaster Okawaru
  5547 | D:5      | Reached skill level 13 in Stealth
  5652 | D:5      | Got a silken robe
  5663 | D:5      | Identified the +0 robe of Hedonism {rPois rC+ rN++ Slay-4} (You found it on level 5 of the Dungeon)
  5735 | D:5      | Found a glowing silver altar of Zin.
  6056 | D:5      | Found a hazy altar of Hepliaklqana.
  6070 | D:5      | Reached XP level 8. HP: 37/39 MP: 9/9
  6104 | D:5      | Found a stormy altar of Qazlal.
  7037 | D:6      | Got a jewelled buckler
  7070 | D:6      | Identified the cursed +0 buckler of Sorcery {rElec} (You found it on level 6 of the Dungeon)
  7290 | D:6      | Found a glowing golden altar of the Shining One.
  7429 | D:6      | Reached * piety under Okawaru
  7446 | D:7      | Reached skill level 5 in Dodging
  7446 | D:7      | Reached skill level 14 in Stealth
  7464 | D:7      | Noticed Bzzzz's ghost (novice SpAs)
  7475 | D:7      | Noticed Pikel
  8052 | D:7      | Killed Bzzzz's ghost
  8052 | D:7      | Reached XP level 9. HP: 39/44 MP: 10/10
  8114 | D:7      | Killed Pikel
  8114 | D:7      | Reached ** piety under Okawaru
  8114 | D:7      | Reached skill level 5 in Short Blades
  8526 | D:7      | Reached skill level 15 in Stealth
  9371 | D:7      | Gained mutation: Your flesh is cold resistant. (rC+) [potion of beneficial mutation]
  9372 | D:7      | Gained mutation: Your flesh is very cold resistant. (rC++) [potion of beneficial mutation]
  9980 | D:7      | Reached skill level 5 in Throwing
 10086 | D:8      | Found Ivesu's Magic Scroll Boutique.
 10234 | D:8      | Found Avaepefa's Weapon Emporium.
 10298 | D:8      | Found Ablacen's Armour Emporium.
 10303 | D:8      | Found Marrouq's Gadget Boutique.
 10305 | D:8      | Reached *** piety under Okawaru
 10324 | D:8      | Found a staircase to the Lair.
 10451 | D:8      | Learned a level 1 spell: Shock
 10648 | D:8      | Reached XP level 10. HP: 50/50 MP: 11/11
 10685 | D:8      | Reached skill level 16 in Stealth
 11022 | D:8      | Found Haashre's Assorted Antiques.
 11203 | D:9      | Found Faskaloi's Gadget Emporium.
 11253 | D:9      | Reached **** piety under Okawaru
 11716 | D:9      | Learned a level 1 spell: Apportation
 11782 | D:9      | Noticed a purple ugly thing
 11789 | D:9      | Killed a purple ugly thing
 12056 | D:9      | Learned a level 2 spell: Passwall
 12510 | D:9      | Reached skill level 5 in Fighting
 12663 | D:10     | Entered Level 10 of the Dungeon
 12758 | D:10     | Reached skill level 17 in Stealth
 12798 | D:10     | Noticed Grum
 12845 | D:10     | Killed Grum
 13189 | D:10     | Reached XP level 11. HP: 19/56 MP: 12/12
 13731 | D:10     | Noticed Nergalle
 13738 | D:10     | Killed Nergalle
 13738 | D:10     | Reached ***** piety under Okawaru
 13847 | D:10     | Found a staircase to the Orcish Mines.
 14731 | Lair:1   | Entered Level 1 of the Lair of Beasts
 16696 | Lair:1   | Reached skill level 10 in Dodging
 16696 | Lair:1   | Reached skill level 18 in Stealth
 17032 | Lair:2   | Received a gift from Okawaru
 17064 | Lair:2   | Got an ancient robe
 17065 | Lair:2   | Identified the +1 robe of the Leaf {Int-3 Dex+5} (You found it on level 2 of the Lair of Beasts)
 17097 | Lair:2   | Noticed a death yak
 17101 | Lair:2   | Noticed a death yak
 17102 | Lair:2   | Noticed a death yak
 18124 | Lair:2   | Found a staircase to the Swamp.
 18241 | Lair:2   | Received a gift from Okawaru
 18537 | Lair:3   | Noticed a four-headed hydra
 20043 | Lair:3   | Reached XP level 12. HP: 60/61 MP: 13/13
 21045 | Lair:3   | Reached skill level 1 in Spellcasting
 21420 | Lair:3   | Reached skill level 19 in Stealth
 22696 | Lair:3   | Received a gift from Okawaru
 22933 | Lair:3   | Killed a four-headed hydra
 23422 | Lair:4   | Found a hole to the Spider Nest.
 23606 | Lair:4   | Noticed Urug
 23646 | Lair:4   | Killed Urug
 23646 | Lair:4   | Reached ****** piety under Okawaru
 23995 | Lair:4   | Received a gift from Okawaru
 24177 | Lair:4   | Reached skill level 5 in Spellcasting
 24375 | Lair:5   | Reached skill level 10 in Short Blades
 24565 | Lair:5   | Reached XP level 13. HP: 54/67 MP: 21/21
 24609 | Lair:5   | Reached skill level 20 in Stealth
 25405 | Lair:5   | Found a viscous altar of Jiyva.
 25406 | Lair:5   | Found a staircase to the Slime Pits.
 25692 | Lair:6   | Entered Level 6 of the Lair of Beasts
 25768 | Lair:6   | Received a gift from Okawaru
 25912 | Lair:6   | Received a gift from Okawaru
 26480 | Lair:5   | Received a gift from Okawaru
 29005 | Lair:5   | Received a gift from Okawaru
 29275 | Lair:6   | Reached skill level 21 in Stealth
 31244 | Lair:6   | Reached XP level 14. HP: 11/72 MP: 25/25
 32752 | Lair:5   | Reached skill level 10 in Throwing
 33390 | Lair:6   | Found a runed door.
 35212 | Lair:6   | Received a gift from Okawaru
 36719 | Lair:6   | HP: 2/73 [fire dragon (16)]
 36724 | Lair:6   | Mangled by a fire dragon

Vault maps used:
D:1:      minmay_arrival_radiant_lines, nrook_mini_vaults,
          kennysheep_flooded_box, bh_walls_and_bars
D:2:      xom_redecorated, minmay_misc_feat_iff
D:3:      lemuel_doored_altar, grunt_dithmenos_smoke_and_mirrors,
          lemuel_coloured_pillars_altar, first_bread
D:4:      serial_shops, shop, grunt_ministairs_12, dk_noncrumbling_4,
          grunt_decor_fettered, kennysheep_small_spiral, minmay_close_crescents
D:5:      kennysheep_little_box, overflow_temple_1_default, zin_statuary,
          uniq_eustachio
D:6:      nicolae_tso_carved_into_rock
D:7:      minmay_lizard_king, uniq_pikel
D:8:      erik_lair_orcish_takeover, serial_shops, shop,
          nicolae_shop_behind_doors, shop, nicolae_shop_overgrown_old_shop,
          nicolae_shop_behind_doors
D:9:      kennysheep_steamy, serial_shops, shop
D:10:     orc_0_dummy, uniq_nergalle, uniq_grum
Temple:   dshaligram_water_room_temple
Lair:2:   minmay_swamp_entry_wisps, grunt_forest_small_clearings
Lair:3:   grunt_megastairs_4
Lair:4:   nicolae_spider_entry_tight_spaces, uniq_urug
Lair:5:   dpeg_slime_entry_enclosed_altar, grunt_megastairs_5
Lair:6:   hangedman_lair_caniforms_friends, wormcave,
          nicolae_quartered_pool_super

Skill      XL: |  1  2  3  4  5  6  7  8  9 10 11 12 13 14 |
---------------+-------------------------------------------+-----
Stealth        | 6 7 8 9 11 12 13 14 15 17 18 19 21 | 21.7
Dodging        | 2 3 5 7 9 10 11 13 | 13.7
Fighting       | 2 3 4 5 6 7 8 |  8.2
Short Blades   | 3 4 6 7 9 10 11 | 11.3
Throwing       | 4 5 6 7 8 9 10 | 10.3
Spellcasting   | 5 6 7 |  7.8

Action                   |  1- 3 |  4- 6 |  7- 9 | 10-12 | 13-15 || total
-------------------------+-------+-------+-------+-------+-------++-------
Melee: Dagger            |    66 |       |       |   185 |  1426 ||  1677
       Short sword       |    28 |   151 |   606 |  1554 |       ||  2339
       Punch             |       |       |     1 |       |       ||     1
       Quick blade       |       |       |       |       |   643 ||   643
 Fire: Blowgun           |       |     5 |    53 |    31 |    54 ||   143
 Cast: Shock             |       |       |       |       |     2 ||     2
       Passwall          |       |       |       |       |     1 ||     1
Invok: Heroism           |       |       |     1 |       |       ||     1
       Finesse           |       |       |       |     1 |     2 ||     3
Evoke: Wand              |       |       |     9 |    20 |     4 ||    33
       Lamp of fire      |       |       |       |       |     1 ||     1
  Use: Scroll            |     5 |     3 |    10 |     9 |    10 ||    37
       Potion            |       |     1 |    14 |    11 |     1 ||    27
 Stab: Sleeping          |    18 |     9 |    22 |    64 |    21 ||   134
       Distracted        |       |     2 |     3 |    22 |    16 ||    43
       Paralysed         |       |       |     2 |     9 |     6 ||    17
       Confused          |       |       |       |       |     2 ||     2
  Eat: Fruit             |       |     1 |     1 |     1 |     9 ||    12
       Bread ration      |       |       |     1 |     1 |     1 ||     3
       Pizza             |       |       |       |     2 |     1 ||     3
       Royal jelly       |       |       |       |     3 |     1 ||     4
Armor: Robe              |     6 |    11 |    28 |    43 |    97 ||   185
       Skin              |       |       |    10 |     4 |       ||    14
Dodge: Dodged            |    46 |    58 |   269 |   846 |  1784 ||  3003
Block: Other             |       |    15 |    60 |   170 |   311 ||   556
